[Event "8th Brazilian Open SESC Caioba 2024"]
[Site "Caioba"]
[Date "2024.06.24"]
[Round "1.1"]
[White "Mekhitarian, Krikor Sevag"]
[Black "Da Silva, Vinicius R. Rodrigue"]
[Result "1-0"]
[ECO "A06"]
[WhiteElo "2554"]
[BlackElo "1944"]
[Annotator "TA"]
[PlyCount "71"]
[EventDate "2024.06.15"]
[EventCountry "BRA"]
[SourceTitle "playchess.com"]
[Source "ChessBase"]
[SourceQuality "1"]
[TimeControl "5400+30"]

1. Nf3 d5 2. c4 c6 3. d4 Nf6 4. e3 e6 5. Bd3 Bd6 6. b3 Nbd7 7. Bb2 b6 8. Nbd2 Bb7 9. O-O O-O {[%emt 1:19:31] The position is equal.} 10. Qe2 Qc7 11. Rac1 Rad8 12. g3 Rfe8 13. cxd5 exd5 14. Bf5 g6 15. Bh3 Nf8 (15... Ra8 $11) 16. Rc2 Bc8 17. Bxc8 Rxc8 18. Rfc1 Qd7 19. Qa6 h5 {[%emt 0:00:00] [#]} 20. Qa4 $1 Ne4 21. Rxc6 Nxd2 22. Nxd2 Rcd8 23. Ba3 Bb8 24. Bxf8 Kxf8 25. Qa6 (25. Nf3 $142) 25... h4 $16 26. Qe2 {[%emt 0:00:21] White is more active.} ({Of course not} 26. gxh4 $6 Qg4+ 27. Kf1 Bxh2 $15) 26... hxg3 27. hxg3 Kg7 28. Qf3 Re6 {[%emt 0:00:00] Wards off Qf6+} 29. Rxe6 Qxe6 30. Nb1 Rh8 31. Nc3 Rh5 32. Ne2 (32. g4 $16 Rg5 33. Kf1) 32... Qh3 33. Rc6 Qh2+ 34. Kf1 {[%emt 0:00:01] Dancing on a razor blade.} Rf5 {[%emt 0:00:00] [#]} (34... Qh3+ $16 35. Kg1 Qh2+ 36. Kf1 Qh3+ 37. Ke1 Rf5) 35. Qg2 $18 Qh6 (35... Rh5 36. Rc8 Qh1+ 37. Ng1 (37. Qxh1 Rxh1+ 38. Ng1 Rh8 $18) 37... Qxg2+ 38. Kxg2 Rh8 39. Rxh8 Kxh8) 36. g4 {[%emt 0:00:33] Weighted Error Value: White=0.09 (flawless) /Black=0.26 (precise) .  Loses game:     	---       	Black=1      Mistake:       	White=2     	Black=2      Inaccurate:     	White=1     	Black=3      OK:         	White=12    	Black=10     Best:        	White=1     	---        Strong:       	White=1     	---} 1-0

[Event "8th Brazilian Open SESC Caioba 2024"]
[Site "Caioba"]
[Date "2024.06.24"]
[Round "1.2"]
[White "Predebon, Eduardo Angonesi"]
[Black "Hernandez Guerrero, Gilberto"]
[Result "0-1"]
[ECO "B59"]
[WhiteElo "1834"]
[BlackElo "2506"]
[Annotator "TA"]
[PlyCount "40"]
[EventDate "2024.06.15"]
[EventCountry "BRA"]
[SourceTitle "playchess.com"]
[Source "ChessBase"]
[SourceQuality "1"]
[TimeControl "5400+30"]

1. e4 c5 2. Nf3 Nc6 3. d4 cxd4 4. Nxd4 Nf6 5. Nc3 d6 6. Be2 e5 7. Nb3 Be7 8. Be3 O-O 9. g4 Be6 10. g5 Nd7 11. h4 a5 {[%emt 0:00:13][%cal Ba7a5,Ba5a4][%mdl 32] The position is equal.} 12. Nd5 a4 13. Nc1 (13. Nd2 $11 {remains equal.}) 13... Nc5 14. f3 f5 15. Nd3 (15. exf5 $15 Rxf5 16. c3) 15... fxe4 $17 16. Nxc5 dxc5 17. fxe4 Nd4 18. c3 $2 {[%emt 0:01:17] [#]} (18. Nxe7+ $17 Qxe7 19. c3) 18... Bxd5 $19 {[%emt 0:01:09] Black is clearly winning.} 19. exd5 Qxd5 20. Rh3 Qg2 {[%emt 0:00:54] Black took control after the opening.   Weighted Error Value: White=1.26/Black=0.01 (flawless) .  Loses game:     	White=1     	---        Mistake:       	White=2     	---        Inaccurate:     	White=1     	---        OK:         	White=3     	Black=4      Best:        	White=1     	Black=4} 0-1

[Event "8th Brazilian Open SESC Caioba 2024"]
[Site "Caioba"]
[Date "2024.06.24"]
[Round "1.3"]
[White "Barbosa, Evandro Amorim"]
[Black "Moro, Antonio Renato Perei"]
[Result "1-0"]
[ECO "C54"]
[WhiteElo "2491"]
[BlackElo "1833"]
[Annotator "RC"]
[PlyCount "129"]
[EventDate "2024.06.15"]
[EventCountry "BRA"]
[SourceTitle "playchess.com"]
[Source "ChessBase"]
[SourceQuality "1"]
[TimeControl "5400+30"]

1. e4 Nc6 2. Nf3 e5 3. Bc4 Bc5 4. d3 Nf6 5. O-O d6 6. c3 Bg4 7. Nbd2 a6 8. Bb3 O-O 9. h3 Bd7 10. Re1 Ba7 11. Nf1 h6 12. Ng3 Na5 13. Bc2 c5 14. Nh2 Qc7 15. Qf3 Nh7 16. Ng4 f5 17. exf5 Nc6 18. Ne3 Rae8 19. Qd5+ Kh8 20. Ne4 Bb8 21. Nc4 Bxf5 22. Ncxd6 Rd8 23. Qxc5 Rxd6 24. Qxd6 Qxd6 25. Nxd6 Bxd6 26. Be3 Nf6 27. Rad1 Re8 28. Re2 Bg6 29. Bc1 Rc8 30. Rf1 Nd5 31. Rd1 Bh5 32. g4 Bf7 33. Rde1 Nf6 34. Bb3 Bg6 35. Rd1 Rd8 36. Be3 Bc7 37. Bc2 Bf7 38. Bb3 Bg6 39. Red2 Ba5 40. Bc2 Nd5 41. d4 Bxc2 42. Rxc2 exd4 43. Bxd4 Nf4 44. Kf1 Nxh3 45. Rcd2 Nxd4 46. Rxd4 Rf8 47. R1d2 Bb6 48. Rd6 Bxf2 49. Rd8 Bc5+ 50. Rxf8+ Bxf8 51. Rd7 Ng5 52. Rxb7 Ne4 53. Ke2 Nf6 54. Kf3 Bc5 55. b4 Bg1 56. c4 Kg8 57. a4 Kf8 58. a5 Ne8 59. c5 Bh2 60. b5 Nc7 61. Kg2 Bf4 62. b6 Nb5 63. c6 Ke8 64. Rxg7 Nd6 65. c7 1-0

[Event "8th Brazilian Open SESC Caioba 2024"]
[Site "Caioba"]
[Date "2024.06.24"]
[Round "1.4"]
[White "Lunelli, Neuri Antonio"]
[Black "Delgado Ramirez, Neuris"]
[Result "0-1"]
[ECO "A36"]
[WhiteElo "1829"]
[BlackElo "2487"]
[Annotator "TA"]
[PlyCount "70"]
[EventDate "2024.06.15"]
[EventCountry "BRA"]
[SourceTitle "playchess.com"]
[Source "ChessBase"]
[SourceQuality "1"]
[TimeControl "5400+30"]

1. e4 c5 2. c4 Nc6 3. Nc3 g6 4. g3 Bg7 5. Bg2 e6 6. Nge2 Nge7 7. d3 d6 8. Be3 Nd4 9. Qd2 a6 10. O-O h5 {[%emt 0:01:24] The position is equal.} 11. Bg5 Rb8 12. Rab1 b5 13. b3 (13. cxb5 $11 axb5 14. b4) 13... Qc7 ({Black should play} 13... b4 $15 14. Nd1 Nxe2+ 15. Qxe2 Bb7) 14. h4 (14. cxb5 $11 axb5 15. b4) 14... b4 $15 15. Nd1 Nec6 16. Be3 a5 {[%emt 0:00:16] Black is more active.} 17. Bxd4 Nxd4 18. Nxd4 Bxd4 19. Kh2 {[%emt 0:00:47] White is weak on the dark squares} f6 20. f4 Qg7 21. Bh3 (21. Ne3 $15) 21... Rg8 22. Qe2 Kd8 {[%emt 0:01:25] Hoping for ...g5.} 23. Qf3 $2 {[%emt 0:07:24] [#] Loses the game.} (23. Ne3 $17 {was worth a try.}) 23... a4 $1 24. Ne3 (24. Rf2 g5) 24... axb3 25. axb3 g5 26. fxg5 fxg5 27. hxg5 Qxg5 28. Rbe1 Be5 {[%emt 0:00:23] Prevents Qf4. Black is clearly winning.} 29. Rg1 h4 30. Nf1 (30. Kh1 $142 hxg3 (30... Bxg3 $2 31. Ra1 $19) 31. Kg2) 30... Rb7 $19 31. Re2 hxg3+ 32. Kg2 Qg6 {[%emt 0:01:35] ...Rf7 is the strong threat.} 33. Rh1 Rf7 34. Qe3 Bd4 {[%emt 0:00:45] [#] ( -> ...Qf6)} 35. Qxg3 Be5 {[%emt 0:00:26] Weighted Error Value: White=1.18/Black=0.15 (very precise) .  Loses game:     	White=1     	---        Mistake:       	White=4     	Black=1      Inaccurate:     	White=2     	Black=3      OK:         	White=5     	Black=6      Best:        	---       	Black=1} 0-1

[Event "8th Brazilian Open SESC Caioba 2024"]
[Site "Caioba"]
[Date "2024.06.24"]
[Round "1.6"]
[White "Ribeiro Carrico, Victor Hugo"]
[Black "Di Berardino, Diego Rafael"]
[Result "0-1"]
[ECO "B84"]
[WhiteElo "1821"]
[BlackElo "2473"]
[Annotator "TA"]
[PlyCount "54"]
[EventDate "2024.06.15"]
[EventCountry "BRA"]
[SourceTitle "playchess.com"]
[Source "ChessBase"]
[SourceQuality "1"]
[TimeControl "5400+30"]

1. e4 c5 2. Nf3 d6 3. d4 cxd4 4. Nxd4 Nf6 5. Nc3 a6 6. Be2 e6 7. Qd3 Nc6 8. Nxc6 bxc6 {[%emt 0:00:03] [#]} 9. e5 dxe5 $11 10. Qc4 (10. Qxd8+ $11 Kxd8 11. Na4) 10... Bb7 11. Be3 Be7 12. Bf3 ({White should play} 12. O-O $15) 12... O-O $17 13. g4 (13. Qb3 $142 Qc7 14. Bb6) 13... Nd5 14. O-O-O Nxe3 15. fxe3 Qb6 16. Qe4 (16. Kb1 $17 {is a better defense.}) 16... Qc7 17. h4 Rab8 {[%emt 0:04:50] And now ...c5 would win.} 18. Qa4 (18. Qc4 $142) 18... Qb6 $19 19. Rd3 {[%emt 0:05:49] [#]} (19. Nb1 {is a better chance.}) 19... c5 $1 {[%emt 0:02:30] Black is clearly winning.} 20. Ne4 Bxe4 {[%emt 0:01:03] A strong pair of Bishops.} 21. Rb3 Bxf3 22. Rxb6 Rxb6 23. Rh2 Rb4 24. Qxa6 Rxg4 25. Qa7 Bf6 26. Qxc5 Rg1+ 27. Kd2 e4 {[%emt 0:00:33] White did not feel at home in the position after the opening.   Weighted Error Value: White=0.91/Black=0.07 (flawless) .  Mistake:       	White=7     	---        OK:         	White=6     	Black=7      Best:        	---       	Black=1      Strong:       	---       	Black=1} 0-1

[Event "8th Brazilian Open SESC Caioba 2024"]
[Site "Caioba"]
[Date "2024.06.24"]
[Round "1.7"]
[White "Santiago, Yago De Moura"]
[Black "Barbosa, Rafael Santos"]
[Result "1-0"]
[ECO "D90"]
[WhiteElo "2462"]
[BlackElo "1814"]
[Annotator "TA"]
[PlyCount "35"]
[EventDate "2024.06.15"]
[EventCountry "BRA"]
[SourceTitle "playchess.com"]
[Source "ChessBase"]
[SourceQuality "1"]
[TimeControl "5400+30"]

1. d4 Nf6 2. c4 g6 3. Nc3 d5 4. Nf3 Bg7 5. h4 dxc4 6. e4 {[%emt 0:00:18][%cal Oe4e5] [#]} c5 $1 7. d5 (7. Bxc4 cxd4) 7... b5 {[%emt 0:02:31] Inhibits Qa4.} 8. h5 $1 {[%emt 0:00:09] And now h6 would win. The position is equal.} (8. Nxb5 Qa5+ 9. Nc3 Nxe4 $15) 8... Nxh5 (8... O-O $5) 9. Nxb5 ({Reject} 9. e5 Bg4 10. Be2 (10. Nxb5 Nd7 $17) 10... O-O $15) 9... Bg4 10. Bxc4 Nd7 11. Be2 a6 12. Nc3 Qc7 (12... O-O $11 {keeps the balance.}) 13. Rh4 $16 Ne5 {[%emt 0:06:27][%mdl 8192] [#] A mistake that costs the game.} (13... Nhf6 $16 {is tougher.}) 14. Nxe5 $18 Bxe2 15. Qa4+ ({Weaker is} 15. Nxe2 Qxe5 16. Qa4+ Kf8 $16) ({Less strong is} 15. Qxe2 Qxe5 16. Kf1 O-O $11) (15. Kxe2 Bxe5 16. Bh6 Rb8 $14) 15... Bb5 (15... Kf8 $142 16. Nd7+ Kg8) 16. Nxb5 {[%emt 0:00:18][%cal Bc3b5,Bb5c7,Bc7a8][%mdl 32] White is clearly winning.} Qxe5 17. Nc7+ Kf8 18. Nxa8 {[%emt 0:00:10] Weighted Error Value: White=0.02 (flawless) /Black=0.69.  Loses game:     	---       	Black=1      Mistake:       	---       	Black=2      Inaccurate:     	---       	Black=1      OK:         	White=4     	Black=5      Best:        	White=3     	---        Strong:       	White=1     	---} 1-0

[Event "8th Brazilian Open SESC Caioba 2024"]
[Site "Caioba"]
[Date "2024.06.24"]
[Round "1.9"]
[White "Acosta, Pablo Ismael"]
[Black "Setti, Dalmarino"]
[Result "1-0"]
[ECO "D55"]
[WhiteElo "2449"]
[BlackElo "1791"]
[Annotator "RC"]
[PlyCount "92"]
[EventDate "2024.06.15"]
[EventCountry "BRA"]
[SourceTitle "playchess.com"]
[Source "ChessBase"]
[SourceQuality "1"]
[TimeControl "5400+30"]

1. Nf3 Nf6 2. d4 d5 3. c4 e6 4. Nc3 Be7 5. Bg5 O-O 6. e3 h6 7. Bxf6 Bxf6 8. Rc1 b6 9. Bd3 dxc4 10. Bxc4 Bb7 11. O-O Nd7 12. Qe2 c5 13. Rfd1 Qe7 14. d5 Bxc3 15. dxe6 fxe6 16. Rxc3 Bxf3 17. gxf3 Ne5 18. f4 Nxc4 19. Qxc4 Kh8 20. Rcd3 e5 21. Qe4 Rae8 22. Rd7 Qf6 23. R1d6 Re6 24. Qxe5 Qg6+ 25. Kf1 Rxd6 26. Rxd6 Qb1+ 27. Kg2 Qxa2 28. Rxh6+ Kg8 29. Re6 Qb1 30. e4 Qd1 31. Qg5 Qd4 32. b3 b5 33. Qg6 Qd7 34. f5 Qd8 35. Rc6 Qe7 36. Qe6+ Qxe6 37. fxe6 Re8 38. Kf3 c4 39. bxc4 bxc4 40. Kf4 a5 41. Ke5 a4 42. Rxc4 Ra8 43. Rc2 Ra6 44. Rc8+ Kh7 45. e7 Ra8 46. Kf4 a3 1-0